 Dungeon Crawl Stone Soup version 0.30-a0-371-gad7725a93e (webtiles) character file.

Game seed: 16583504115798904609

4515 mopl the Covert (level 10, -18/44 HPs)
             Began as a Vine Stalker Enchanter on Nov 21, 2022.
             Was a Follower of Kikubaaqudgha.
             Demolished by a boulder beetle (21 damage)
             ... on level 7 of the Dungeon.
             The game lasted 00:10:11 (5528 turns).

mopl the Covert (Vine Stalker Enchanter)            Turns: 5528, Time: 00:10:11

Health: -18/44     AC:  9    Str: 17    XL:     10   Next: 39%
Magic:  0/21       EV: 12    Int: 19    God:    Kikubaaqudgha [*.....]
Gold:   45         SH:  0    Dex: 15    Spells: 11/22 levels left

rFire   + . .      SeeInvis .    a - +3 dagger
rCold   . . .      Faith    .    (no shield)
rNeg    + . .      Spirit   +    K - +0 robe {rF+}
rPois   .          Reflect  .    r - +2 helmet
rElec   .          Harm     .    D - +2 cloak
rCorr   .          Rampage  .    u - +0 pair of gloves
Will    +....                    (no boots)
Stlth   ++++......               (no amulet)
HPRegen 1.07/turn                l - +6 ring of strength
MPRegen 0.17/turn                H - ring of positive energy

@: invisible
A: fangs 3, regeneration 1, magic shield, antimagic bite, no potion heal 2
a: Renounce Religion, Unearth Wretches


You were on level 7 of the Dungeon.
You worshipped Kikubaaqudgha.
Kikubaaqudgha was aware of your devotion.
You visited 2 branches of the dungeon, and saw 8 of its levels.

You collected 339 gold pieces.
You spent 294 gold pieces at shops.

Inventory:

Hand Weapons
 a - a +3 dagger (weapon)
Missiles
 v - a boomerang (quivered)
Armour
 r - a +2 helmet (worn)
 u - a +0 pair of gloves (worn)
 D - a +2 cloak (worn)
 F - +2 swamp dragon scales
 K - a +0 robe of fire resistance (worn)
Jewellery
 l - a +6 ring of strength (left hand)
 A - an amulet of faith {!P}
 H - a ring of positive energy (right hand)
Wands
 s - a wand of flame (3)
 w - a wand of digging (5)
 y - a wand of iceblast (26)
 C - a wand of acid (7)
Scrolls
 d - 2 scrolls of magic mapping {unknown}
 e - 3 scrolls of fear {unknown}
 f - a scroll of noise {unknown}
 g - 5 scrolls of identify {unknown}
 h - 2 scrolls of amnesia {unknown}
 i - a scroll of immolation {unknown}
 o - 5 scrolls of teleportation {unknown}
 p - a scroll of vulnerability {unknown}
 t - 2 scrolls of blinking {unknown}
 z - a scroll of torment {unknown}
 B - a scroll of enchant armour {unknown}
 J - a scroll of poison {unknown}
Potions
 c - a potion of invisibility
 j - a potion of curing
 k - 3 potions of heal wounds {unknown}
 m - 2 potions of degeneration {unknown}
 n - 4 potions of haste {unknown}
 q - 2 potions of flight {unknown}
 x - 2 potions of brilliance {unknown}
 E - 2 potions of lignification {unknown}
 G - a potion of cancellation
 I - a potion of berserk rage {!q}


   Skills:
 + Level 5.7 Short Blades
 - Level 1.5 Dodging
 + Level 9.2 Stealth
 + Level 6.7 Spellcasting
 - Level 3.0 Conjurations
 + Level 7.0 Hexes
 + Level 5.3 Necromancy
 - Level 4.0 Ice Magic


You had 11 spell levels left.
You knew the following spells:

 Your Spells              Type           Power      Damage    Failure   Level
a - Dazzling Flash        Conj/Hex       50%        N/A       4%          3
b - Ensorcelled Hibernat  Hex/Ice        54%        N/A       1%          2
c - Confusing Touch       Hex            33%        N/A       1%          3
d - Tukima's Dance        Hex            33%        N/A       1%          3

Your spell library contained the following spells:

 Spells                   Type           Power      Damage    Failure   Level
 Necrotise                Necr           100%       1d9       1%          1
 Sublimation of Blood     Necr           26%        N/A       1%          2
 Cigotuvi's Dreadful Rot  Necr/Pois/Air  26%        N/A       8%          2
 Portal Projectile        Hex/Tloc       38%        N/A       8%          3
 Beastly Appendage        Tmut           12%        N/A       11%         1
 Animate Dead             Necr           26%        N/A       12%         4
 Wereblood                Tmut           6%         N/A       16%         2
 Leda's Liquefaction      Hex/Erth       9%         N/A       24%         4
 Call Canine Familiar     Summ           6%         N/A       30%         3
 Spider Form              Tmut/Pois      6%         N/A       30%         3
 Borgnjor's Revivificati  Necr           13%        N/A       100%        8
 Necromutation            Tmut/Necr      8%         N/A       100%        8
 Death's Door             Necr           13%        N/A       100%        9


Dungeon Overview and Level Annotations

Branches:
Dungeon (7/15)             Temple (1/1) D:5

Altars:
Cheibriados
Elyvilon
Fedhas
Hepliaklqana
Kikubaaqudgha
Okawaru
Ru
Uskayaw
Xom
Zin

Shops:
D:1 **!

Annotations:
D:6 exclusion: steam dragon


Innate Abilities, Weirdness & Mutations

You have razor-sharp teeth.
Your natural rate of healing is unusually fast.
When hurt, damage is shared between your health and your magic reserves.
Your bite disrupts and absorbs the magic of your enemies.
Potions cannot restore your health.


Message History

The troll bites you but does no damage. The troll claws you.
The troll barely misses you.
You strike the helpless two-headed ogre from behind!
You impale the two-headed ogre!!
You kill the two-headed ogre!
Kikubaaqudgha accepts your kill.
Your Stealth skill increases to level 9!
Your Hexes skill increases to level 7!
Unknown command.
You hit the troll. You bite the troll, but do no damage.
The troll is lightly wounded.
The gargoyle hurls a stone arrow at you.
The stone arrow misses you. The troll barely misses you.
The troll closely misses you. The troll claws you but does no damage.
The boulder beetle bites you.
Unknown command.
You puncture the troll! Your bite misses the troll.
The troll is moderately wounded.
The troll bites you! The troll completely misses you.
The troll barely misses you. The boulder beetle bites you.
Unknown command.
You catch the helpless troll completely off-guard!
You impale the troll!! You bite the troll. You drain its power.
You feel invigorated.
The troll is almost dead.
Unknown command.
You hit the troll.
The troll is almost dead.
The troll bites you. The troll claws you!
The troll claws you but does no damage. The boulder beetle bites you!
* * * LOW HITPOINT WARNING * * *
Unknown command.
You closely miss the troll. Your bite misses the troll.
The troll is almost dead.
The gargoyle barely misses you. The troll bites you!
* * * LOW HITPOINT WARNING * * *
The troll claws you but does no damage. The troll closely misses you.
The boulder beetle bites you!!
You die...
Kikubaaqudgha rasps: "You have failed me!
Welcome... death!"

#.....#.....####....#
#.....#..###.#.####..
#.....#..# ##.#.# #..
#........# #.#.## #..
#........####.#.###..
#...........####.....
#...........# #.....
#....T......####.....
#...@9...............
#....B.....#.......#.
#..........#.......#.
#..........#.......#.
#..........#.......+.
#..........#...##..#.
#..........######..#.
#..........# +...##
#..........#...#.....


You could see a boulder beetle (unable to see you), a troll (unable to see you)
and a gargoyle (unable to see you).

Vanquished Creatures
  A two-headed ogre (D:7)
  A cyclops (D:7)
  Maggie (D:6)
  2 water moccasins
  An acid dragon (D:7)
  An orc warrior (D:7)
  A sky beast (D:7)
  2 black bears
  6 ice beasts
  4 phantoms
  2 centaurs (D:7)
  4 bullfrogs
  2 scorpions (D:6)
  A wight (D:7)
  2 howler monkeys (D:7)
  4 hounds
  4 orc priests
  A jelly (D:4)
  Ijyb (D:3)
  3 orc wizards
  3 adders
  A worm (D:3)
  5 dart slugs
  23 orcs
  3 bats
  4 endoplasms
  8 giant cockroaches
  7 goblins
  4 hobgoblins
  3 jackals (D:1)
  4 quokkas
  4 ball pythons
  2 frilled lizards
  8 kobolds
  6 rats
129 creatures vanquished.

Vanquished Creatures (collateral kills)
  A two-headed ogre (D:7)
1 creature vanquished.

Vanquished Creatures (others)
  3 dancing weapons (D:7)
3 creatures vanquished.

Grand Total: 133 creatures vanquished

Notes
Turn   | Place    | Note
-------+----------+-------------------------------------------
     0 | D:1      | mopl the Vine Stalker Enchanter began the quest for the
                  | Orb.
     0 | D:1      | Reached XP level 1. HP: 9/9 MP: 4/4
     2 | D:1      | Noticed a merfolk
     2 | D:1      | Noticed a gargoyle
     4 | D:1      | Noticed a draconian
     4 | D:1      | Noticed a tengu
     6 | D:1      | Noticed an elf
     6 | D:1      | Noticed a meteoran
     8 | D:1      | Noticed a troll
    10 | D:1      | Noticed a demigod
    10 | D:1      | Noticed a human
    12 | D:1      | Noticed a demonspawn
    12 | D:1      | Noticed a vampire
    14 | D:1      | Noticed an armataur
    14 | D:1      | Noticed a minotaur
    16 | D:1      | Noticed a naga
    18 | D:1      | Noticed a spriggan
    18 | D:1      | Noticed an ogre
    20 | D:1      | Noticed a vine stalker
    20 | D:1      | Noticed a felid
    22 | D:1      | Noticed an octopode
    22 | D:1      | Noticed a ghoul
    24 | D:1      | Noticed a gargoyle
    26 | D:1      | Noticed a felid
    26 | D:1      | Noticed a meteoran
    35 | D:1      | Reached skill level 1 in Short Blades
   141 | D:1      | Reached XP level 2. HP: 13/13 MP: 6/6
   161 | D:1      | Learned a level 2 spell: Ensorcelled Hibernation
   251 | D:1      | Reached skill level 4 in Stealth
   268 | D:1      | Found Iphetwy's General Store.
   326 | D:1      | Found Houja's Distillery.
   334 | D:1      | Bought a potion of curing for 30 gold pieces
   359 | D:1      | Reached XP level 3. HP: 16/16 MP: 7/7
   372 | D:1      | Learned a level 3 spell: Tukima's Dance
   472 | D:1      | Found Dioth's Assorted Antiques.
   483 | D:1      | Bought a black potion for 16 gold pieces
   483 | D:1      | Bought a fuming silvery potion for 16 gold pieces
   500 | D:1      | Bought a scroll labelled ACEZ URRONOUGAFU for 18 gold
                  | pieces
   500 | D:1      | Bought a scroll labelled DORGHU YPTOSODI for 18 gold pieces
   500 | D:1      | Bought a scroll labelled WAGO ED YLUI for 18 gold pieces
   500 | D:1      | Bought a scroll labelled ACEZ URRONOUGAFU for 18 gold
                  | pieces
  1388 | D:3      | Gained mutation: Your natural rate of healing is unusually
                  | fast. [Vine Stalker growth]
  1388 | D:3      | Reached XP level 4. HP: 21/21 MP: 9/9
  1406 | D:3      | Reached skill level 1 in Ice Magic
  1412 | D:3      | Noticed an ice beast
  1422 | D:3      | Killed an ice beast
  1423 | D:3      | Reached skill level 2 in Short Blades
  1423 | D:3      | Reached skill level 3 in Spellcasting
  1423 | D:3      | Reached XP level 5. HP: 24/24 MP: 10/10
  1629 | D:3      | Noticed Ijyb
  1638 | D:3      | Killed Ijyb
  1706 | D:3      | Reached skill level 2 in Ice Magic
  1979 | D:4      | Reached skill level 5 in Stealth
  1979 | D:4      | Reached skill level 4 in Hexes
  1979 | D:4      | Reached XP level 6. HP: 26/28 MP: 9/12
  2053 | D:3      | Learned a level 3 spell: Dazzling Flash
  2057 | D:3      | Learned a level 3 spell: Confusing Touch
  2553 | D:4      | Reached skill level 1 in Conjurations
  2634 | D:4      | Found a white marble altar of Elyvilon.
  2636 | D:4      | Found a glowing silver altar of Zin.
  2690 | D:4      | Reached XP level 7. HP: 32/32 MP: 13/13
  2930 | D:4      | Found a blossoming altar of Fedhas.
  2934 | D:5      | Entered Level 5 of the Dungeon
  2991 | D:5      | Found a staircase to the Ecumenical Temple.
  3002 | Temple   | Entered the Ecumenical Temple
  3009 | Temple   | Became a worshipper of Kikubaaqudgha
  3208 | D:5      | Reached skill level 3 in Short Blades
  3208 | D:5      | Reached skill level 4 in Spellcasting
  3208 | D:5      | Reached skill level 1 in Necromancy
  3321 | D:5      | Reached skill level 2 in Conjurations
  3321 | D:5      | Reached skill level 3 in Ice Magic
  3430 | D:5      | Reached skill level 6 in Stealth
  3445 | D:5      | Gained mutation: You have razor-sharp teeth. [Vine Stalker
                  | growth]
  3445 | D:5      | Reached XP level 8. HP: 36/36 MP: 15/15
  3565 | D:5      | Reached skill level 2 in Necromancy
  3693 | D:6      | Reached skill level 5 in Hexes
  4070 | D:6      | Reached skill level 3 in Conjurations
  4174 | D:6      | Reached skill level 4 in Ice Magic
  4323 | D:6      | Reached skill level 7 in Stealth
  4323 | D:6      | Reached skill level 5 in Spellcasting
  4368 | D:6      | Noticed Maggie
  4376 | D:6      | Killed Maggie
  4376 | D:6      | Reached * piety under Kikubaaqudgha
  4376 | D:6      | Received a gift from Kikubaaqudgha
  4377 | D:6      | Reached skill level 4 in Short Blades
  4377 | D:6      | Reached skill level 3 in Necromancy
  4377 | D:6      | Reached XP level 9. HP: 35/39 MP: 5/17
  4672 | D:1      | Bought a potion of cancellation for 80 gold pieces
  4672 | D:1      | Bought a potion of attraction for 30 gold pieces
  4672 | D:1      | Bought a potion of berserk rage for 50 gold pieces
  4911 | D:7      | Noticed a cyclops
  4912 | D:7      | Noticed a gargoyle
  4913 | D:7      | Noticed a boulder beetle
  4996 | D:7      | Killed a cyclops
  4997 | D:7      | Reached skill level 8 in Stealth
  4997 | D:7      | Reached skill level 6 in Hexes
  4997 | D:7      | Reached skill level 4 in Necromancy
  5224 | D:7      | Reached skill level 5 in Short Blades
  5224 | D:7      | Reached skill level 6 in Spellcasting
  5404 | D:7      | Noticed a two-headed ogre
  5421 | D:7      | Killed a two-headed ogre
  5422 | D:7      | Reached skill level 5 in Necromancy
  5422 | D:7      | Reached XP level 10. HP: 44/44 MP: 11/20
  5460 | D:7      | Noticed a two-headed ogre
  5523 | D:7      | Killed a two-headed ogre
  5524 | D:7      | Reached skill level 9 in Stealth
  5524 | D:7      | Reached skill level 7 in Hexes
  5528 | D:7      | Demolished by a boulder beetle

Illustrated notes

Levels and vault maps discovered:
D:1:      kb_arrival_jail, layout_rooms, serial_shops, shop_coins, shop,
          nicolae_shop_hallway_plus, minmay_crystal_room
D:2:      layout_basic
D:3:      layout_basic, uniq_ijyb
D:4:      layout_cave_pods, nicolae_overflow_hidden_temple, grunt_decor_cap
D:5:      layout_gridville, minmay_temple_entry_trees
D:6:      kennysheep_steamy, layout_basic, uniq_blork_the_orc, uniq_maggie
D:7:      minmay_the_grid_octo_tiled_octocenter [minmay_the_grid_octo_teeth,
          minmay_the_grid_octo_tetromino_candy, minmay_the_grid_octo_pinwheel,
          minmay_the_grid_octo_checkerflower,
          minmay_the_grid_octo_prize_square_snowflake,
          minmay_the_grid_square_5x5_fat_x, minmay_the_grid_square_5x5_inner_z,
          minmay_the_grid_square_5x5_three,
          minmay_the_grid_square_5x5_broken_cross], layout_gridville,
          minivault_24
Temple:   hellmonk_temple_of_storms

Skill      XL: |  1  2  3  4  5  6  7  8  9 10 |
---------------+-------------------------------+-----
Short Blades   | 1 2 3 4 5 |  5.7
Stealth        | 4 5 6 7 8 9 |  9.2
Ice Magic      | 1 2 3 4 |  4.0
Spellcasting   | 3 4 5 6 |  6.7
Hexes          | 4 5 6 7 |  7.0
Conjurations   | 1 2 3 |  3.0
Necromancy     | 1 3 5 |  5.3
Dodging        | |  1.5

Action                   |  1- 3 |  4- 6 |  7- 9 | 10-12 || total
-------------------------+-------+-------+-------+-------++-------
Melee: Dagger            |    95 |   132 |   193 |    15 ||   435
       Bite              |    24 |    38 |    49 |     4 ||   115
       Punch             |       |     2 |     4 |       ||     6
 Cast: Ensorcelled Hiber |       |     2 |    31 |       ||    33
       Confusing Touch   |       |     1 |     4 |       ||     5
       Tukima's Dance    |       |       |     5 |     3 ||     8
       Dazzling Flash    |       |       |     1 |       ||     1
Evoke: Wand              |       |     9 |     5 |       ||    14
  Use: Potion            |       |       |       |     1 ||     1
 Stab: Sleeping          |    14 |     8 |    20 |       ||    42
       Confused          |       |     2 |     1 |       ||     3
       Invisible         |       |       |     2 |     3 ||     5
       Distracted        |       |       |       |     1 ||     1
Armor: Robe              |    16 |    46 |    60 |     5 ||   127
Dodge: Dodged            |    56 |    83 |    76 |    15 ||   230

Table legend: (Time is in decaauts)
 A = Elapsed time spent in this place.
 B = Non-inter-level travel time spent in this place.
 C = Inter-level travel time spent in this place.
 D = Time resting spent in this place.
 E = Time spent auto-exploring this place.
 F = Levels seen in this place.
 G = Mean time per level.
                   A        B        C        D        E       F      G
               +--------+--------+--------+--------+--------+-----+--------+
         Total |   5470 |   5094 |    376 |    400 |   3427 |   8 |  683.8 |
       Dungeon |   5455 |   5079 |    376 |    400 |   3427 |   7 |  779.3 |
        Temple |     14 |     14 |      0 |      0 |      0 |   1 |   14.0 |
               +--------+--------+--------+--------+--------+-----+--------+

Top non-repeatable levels by time:
     D:4: 931 daAuts
     D:6: 881 daAuts
     D:5: 807 daAuts
     D:2: 773 daAuts
     D:3: 721 daAuts
     D:7: 711 daAuts
     D:1: 628 daAuts
  Temple: 14 daAuts
